AoeStats
← Unknown

Arena

507413795Analyzed
4v4 RM · 15d ago on Sep 18, 2026· 55m 56s· 8 players
Game mode
Random Map
Map size
Large (8 player)
Population
200
Speed
Normal
Resources
Standard
Victory
Conquest
Starting age
Dark Age
Ending age
Imperial Age
RankedLock teamsTeams togetherTeam positionsShared explorationLock speedFull tech treeHidden civsTurbo modeCheats
Victory
Defeat
🇺🇸 Italians · United States
1267
+13
🇦🇷 Burgundians · Argentina
1231
+35
🇨🇳 Saracens · China
1139
+18
🇵🇪 Koreans · Peru
1112
+18
🇨🇦 Teutons · Canada
1222
-17
🇨🇦 Persians · Canada
1189
-16
🇳🇮 Huns · Nicaragua
1179
-16
🇳🇮 Mongols · Nicaragua
1149
-14
dedw1ng
10:48 Feudal Age
15:41 Castle Age
13:45 Double-Bit Axe
14:14 Horse Collar
19:58 Bow Saw
20:55 Heavy Plow
23:04 Wheelbarrow
23:23 Fletching
23:20 Elite Skirmisher
24:15 Padded Archer Armor
25:54 Hand Cart
26:44 Ballistics
26:31 Gold Mining
28:37 Loom
31:35 Imperial Age
30:41 Leather Archer Armor
30:33 Scale Barding Armor
30:40 Bloodlines
30:31 Husbandry
32:14 Chain Barding Armor
32:05 Forging
31:30 Cavalier
33:16 Chemistry
33:01 Conscription
33:22 Iron Casting
33:44 Ring Archer Armor
33:10 Bodkin Arrow
33:52 Gold Shaft Mining
34:45 Plate Barding Armor
35:57 Blast Furnace
35:09 Thumb Ring
36:36 Stone Mining
36:15 Savar
39:19 Chemistry
40:00 Light Cavalry
43:07 Crossbowman
43:50 Kamandaran
44:56 Two-Man Saw
arzan
9:04 Feudal Age
8:58 Loom
13:13 Fletching
21:58 Town Watch
25:34 Castle Age
Naxzh Foster
9:10 Feudal Age
14:12 Castle Age
13:43 Double-Bit Axe
14:47 Horse Collar
20:36 Wheelbarrow
19:49 Loom
20:48 Bow Saw
20:41 Heavy Plow
21:33 Hand Cart
21:55 Gold Mining
23:54 Stone Mining
26:28 Husbandry
26:40 Bloodlines
26:37 Scale Barding Armor
27:12 Gold Shaft Mining
27:15 Stone Shaft Mining
32:01 Imperial Age
29:45 Forging
29:55 Chain Barding Armor
30:00 Ballistics
31:23 Fletching
32:09 Iron Casting
33:45 Town Watch
34:25 Bodkin Arrow
35:32 Blast Furnace
35:13 Conscription
36:59 Chemistry
35:55 Murder Holes
35:26 Light Cavalry
36:07 Bracer
36:08 Padded Archer Armor
36:27 Town Patrol
36:08 Elite Mangudai
36:17 Hussar
37:54 Thumb Ring
38:15 Parthian Tactics
37:10 Heavy Cavalry Archer
38:28 Leather Archer Armor
38:14 Scale Mail Armor
47:56 Chain Mail Armor
47:51 Siege Engineers
48:44 Caravan
49:15 Coinage
49:16 Plate Mail Armor
53:43 Banking
El tío Furcio!
11:45 Feudal Age
17:20 Castle Age
16:32 Double-Bit Axe
16:44 Horse Collar
17:29 Stone Mining
22:35 Bow Saw
22:57 Marauders
24:36 Bloodlines
27:35 Scale Barding Armor
28:21 Heavy Plow
29:27 Forging
30:21 Wheelbarrow
31:30 Husbandry
31:30 Gold Mining
32:35 Hand Cart
33:23 Iron Casting
35:54 Gold Shaft Mining
35:44 Chain Barding Armor
39:08 Imperial Age
37:46 Loom
37:57 Fletching
38:08 Padded Archer Armor
37:56 Elite Skirmisher
38:47 Thumb Ring
38:48 Bodkin Arrow
40:55 Two-Man Saw
41:13 Bracer
41:30 Leather Archer Armor
41:24 Crossbowman
42:56 Cavalier
43:29 Pikeman
44:09 Squires
43:55 Arson
45:36 Blast Furnace
44:37 Scale Mail Armor
44:30 Halberdier
HappyHalb
11:38 Feudal Age
15:52 Castle Age
14:48 Loom
16:14 Double-Bit Axe
16:10 Horse Collar
16:58 Fletching
18:57 Bodkin Arrow
26:06 Bow Saw
28:39 Stone Mining
28:42 Gold Mining
34:39 Imperial Age
32:46 Wheelbarrow
32:29 Padded Archer Armor
34:31 Ballistics
35:49 Conscription
35:31 Bracer
35:46 Leather Archer Armor
36:37 Stone Shaft Mining
37:23 Chemistry
39:20 Elite Genoese Crossbowman
42:59 Ring Archer Armor
46:52 Thumb Ring
49:28 Scale Mail Armor
49:38 Forging
52:01 Squires
51:47 Arson
52:18 Chain Mail Armor
52:39 Iron Casting
52:47 Coinage
55:31 Plate Mail Armor
56:01 Blast Furnace
Unknown
10:41 Feudal Age
14:43 Castle Age
13:07 Double-Bit Axe
13:14 Horse Collar
15:45 Bow Saw
16:04 Heavy Plow
21:29 Loom
27:03 Eupseong
31:06 Imperial Age
29:44 Wheelbarrow
28:55 Town Watch
29:45 Fletching
30:38 Bodkin Arrow
32:09 Bracer
33:18 Chemistry
32:38 Ballistics
33:36 Two-Man Saw
33:40 Hand Cart
33:26 Town Patrol
33:13 Elite War Wagon
36:28 Scale Barding Armor
36:33 Forging
38:37 Chain Barding Armor
38:53 Iron Casting
39:54 Husbandry
39:15 Cavalier
51:30 Light Cavalry
53:58 Hussar
Bodoque
11:58 Feudal Age
10:45 Loom
13:58 Double-Bit Axe
13:55 Horse Collar
19:38 Bow Saw
19:31 Heavy Plow
19:28 Fletching
26:32 Castle Age
28:54 Two-Man Saw
29:13 Wheelbarrow
30:46 Hand Cart
30:58 Town Watch
32:05 Crop Rotation
32:21 Forging
32:51 Town Patrol
34:11 Burgundian Vineyards
35:23 Two-Man Saw
34:49 Gold Mining
35:16 Squires
35:01 Arson
37:57 Imperial Age
37:04 Gold Shaft Mining
36:21 Stone Mining
37:30 Iron Casting
36:55 Scale Mail Armor
37:04 Scale Barding Armor
37:46 Stone Shaft Mining
38:12 Husbandry
37:32 Light Cavalry
40:05 Blast Furnace
40:07 Hussar
44:27 Chain Mail Armor
47:30 Plate Mail Armor
老朱
0:28 Loom
11:37 Feudal Age
16:49 Castle Age
14:37 Double-Bit Axe
15:29 Horse Collar
16:30 Stone Mining
18:51 Bow Saw
19:11 Heavy Plow
23:35 Wheelbarrow
25:15 Hand Cart
25:10 Gold Mining
33:10 Imperial Age
31:37 Scale Barding Armor
31:44 Forging
31:25 Fletching
31:35 Padded Archer Armor
32:18 Gold Shaft Mining
32:26 Husbandry
32:37 Bloodlines
34:23 Conscription
33:24 Elite Mameluke
36:07 Chemistry
35:05 Bodkin Arrow
35:26 Leather Archer Armor
35:46 Iron Casting
35:32 Chain Barding Armor
34:37 Light Cavalry
37:15 Hussar
46:37 Ballistics
46:23 Siege Engineers
47:54 Bracer
48:24 Ring Archer Armor
48:55 Blast Furnace
48:31 Plate Barding Armor
Connection lost

Rejoining the realm…

Still unreachable

The connection could not be restored.

Session expired

The server has moved on; the page needs a fresh start.